 Dungeon Crawl Stone Soup version 0.19-a0-1254-gb9c29c0 (webtiles) character file.

96 Leszczynek the Cudgeler (level 4, 0/44 HPs)
             Began as an Ogre Ice Elementalist on Aug 28, 2016.
             Slain by a jackal (1 damage)
             ... on level 3 of the Dungeon.
             The game lasted 00:10:52 (1485 turns).

Leszczynek the Cudgeler (Ogre Ice Elementalist)     Turns: 1485, Time: 00:10:52

Health: 0/44       AC:  3    Str: 11 (14) XL:     4   Next: 67%
Magic:  0/7        EV: 10    Int: 11 (14) God:
Gold:   117        SH:  0    Dex:  9 (10) Spells: 2 memorised, 4 levels left

rFire  . . .     SeeInvis .     a - +0 club
rCold  . . .     Gourm    .     f - +0 robe
rNeg   . . .     Faith    .     (no shield)
rPois  .         Spirit   .     (helmet restricted)
rElec  .         Dismiss  .     (no cloak)
rCorr  .         Reflect  .     (gloves unavailable)
MR     .....     Harm     .     (boots unavailable)
Stlth  +.........               (no amulet)
                                (no ring)
                                k - ring of wizardry

@: no status effects
A: unfitting armour, mutation resistance 1, tough skin 1
a: no special abilities


You were on level 3 of the Dungeon.
You were very hungry.

You visited 1 branch of the dungeon, and saw 4 of its levels.

You collected 117 gold pieces.

Inventory:

Hand Weapons
 a - a +0 club (weapon)
Armour
 f - a +0 robe (worn)
Jewellery
 k - a ring of wizardry (left hand)
Scrolls
 c - a scroll of teleportation {unknown}
 h - 2 scrolls of magic mapping {unknown}
 i - a scroll of remove curse
 o - a scroll of noise {unknown}
 q - a scroll of enchant weapon {unknown}
Potions
 e - 3 potions of degeneration
Books
 b - a book of Frost

   Spells                             Type                      Level
   a - Freeze                         Ice                          1
   b - Throw Frost                    Conjuration/Ice              2
   c - Ozocubu's Armour               Charms/Ice                   3
   d - Throw Icicle                   Conjuration/Ice              4
   e - Summon Ice Beast               Ice/Summoning                4
Comestibles
 d - 2 bread rations
 l - 4 chunks of flesh
 m - 5 fruits


   Skills:
 - Level 2.4 Fighting
 * Level 4.6 Maces & Flails
 - Level 1.7 Dodging
 - Level 1.5 Stealth
 - Level 2.4 Spellcasting
 - Level 0.6 Conjurations
 - Level 2.1 Ice Magic


You had 4 spell levels left.
You knew the following spells:

 Your Spells              Type           Power        Failure   Level  Hunger
a - Freeze                Ice            #...         6%          1    ##.....
b - Throw Frost           Conj/Ice       #.....       10%         2    ###....


Dungeon Overview and Level Annotations

Branches:
Dungeon (4/15)
 Temple: D:4-7

Altars:


Innate Abilities, Weirdness & Mutations

You are too large for most types of armour.
You have tough skin. (AC +1)
You are somewhat resistant to further mutation.


Message History

Aiming: Freeze
Press: ? - help, Shift-Dir - straight line, f - jackal, p - orc
Aim: a jackal (lightly wounded)
You freeze the jackal.
The jackal is heavily wounded.
The orc hits you but does no damage.
The jackal bites you but does no damage.
The orc completely misses you.
Unknown command.
You closely miss the jackal.
The jackal is heavily wounded.
The jackal misses you. The orc hits you with a dagger.
* * * LOW HITPOINT WARNING * * *
The orc completely misses you. The jackal bites you.
* * * LOW HITPOINT WARNING * * *
Unknown command.
You closely miss the jackal.
The jackal is moderately wounded.
The orc hits you but does no damage. The jackal bites you.
You die...

### #######.##### #o@h....#...
###### #o#####.#.####### #....#
#o..ooo....<....#
#####....############.#)#.###.#
...........>....#####.#<....#
##########......o.o...#.#.#.# #
#.####.#######.#.#.# # #.#.##.#
#.#.# # ###### #.#..o.# #.#.#


You could see 3 orcs and a jackal.

Vanquished Creatures
  A gnoll (D:4)
  3 adders
  A dart slug (D:1)
  4 giant geckos
  3 orcs (D:3)
  4 giant cockroaches
  4 goblins
  4 hobgoblins
  7 jackals
  2 quokkas (D:3)
  A ball python (D:3)
  4 bats
  2 giant newts (D:3)
  4 kobolds
  2 rats
46 creatures vanquished.

Notes
Turn   | Place    | Note
-------+----------+-------------------------------------------
     0 | D:1      | Leszczynek the Ogre Ice Elementalist began the quest for the Orb.
     0 | D:1      | Reached XP level 1. HP: 16/16 MP: 3/3
    39 | D:1      | Reached skill level 1 in Fighting
    78 | D:1      | are you kidding me
   267 | D:1      | Reached skill level 1 in Maces & Flails
   267 | D:1      | Reached XP level 2. HP: 8/28 MP: 0/5
   305 | D:1      | Learned a level 2 spell: Throw Frost
   355 | D:1      | Reached skill level 2 in Fighting
   515 | D:2      | Reached skill level 2 in Maces & Flails
   515 | D:2      | Reached XP level 3. HP: 26/36 MP: 0/6
   636 | D:1      | i mean, i only have twice as much HP, twice as much EV and thrice as much AC as a worm
   636 | D:1      | it's obvious i will lose 1v1 from full hp right
   856 | D:3      | Reached skill level 3 in Maces & Flails
  1056 | D:4      | and a dagger of distortio too
  1056 | D:4      | ha ha
  1064 | D:4      | plz no confusion
  1102 | D:3      | Reached XP level 4. HP: 44/44 MP: 2/7
  1139 | D:3      | Reached skill level 4 in Maces & Flails
  1397 | D:3      | elec dagger?
  1397 | D:3      | jesus
  1478 | D:3      | HP: 4/44 [orc (4)]
  1479 | D:3      | it's only natural they hit you every turn and you never hit
  1479 | D:3      | after all you only have 2-3 times better stats than them right
  1480 | D:3      | Gained mutation: You are somewhat resistant to further mutation. [potion of mutation]
  1484 | D:3      | HP: 3/44 [orc/dagger (1)]
  1484 | D:3      | HP: 1/44 [jackal (2)]
  1485 | D:3      | Slain by a jackal

Vault maps used:
D:1:      elethiomel_arrival_infinity_welcomes_careful_drivers
D:3:      first_bread, led_sif_pool
D:4:      uniq_edmund

Skill      XL: |  1  2  3  4 |
---------------+-------------+-----
Fighting       | 1 2 |  2.4
Maces & Flails | 1 2 3 4 |  4.6
Dodging        | |  1.7
Stealth        | |  1.5
Spellcasting   | |  2.4
Conjurations   | |  0.6
Ice Magic      | |  2.1

Action                   |  1- 3 |  4- 6 || total
-------------------------+-------+-------++-------
Melee: Club              |    20 |    53 ||    73
 Cast: Freeze            |    59 |    33 ||    92
       Throw Frost       |     1 |     4 ||     5
  Use: Scroll            |     1 |       ||     1
       Potion            |       |     8 ||     8
  Eat: Chunk             |     2 |     1 ||     3
Armor: Robe              |    16 |    36 ||    52
Dodge: Dodged            |    32 |    64 ||    96
